 Dungeon Crawl Stone Soup version 0.23-a0-563-g409694ba0a (webtiles) character file.

14624 Maize the Severer (level 11, -15/104 HPs)
             Began as a Minotaur Fighter on Dec 13, 2018.
             Was a High Priest of Okawaru.
             Demolished by Rupert
             ... wielding a +2 battleaxe of freezing
              (32 damage)
             ... on level 12 of the Dungeon.
             The game lasted 00:24:52 (13278 turns).

Maize the Severer (Minotaur Fighter)               Turns: 13278, Time: 00:24:53

Health: -15/104    AC: 29    Str: 28    XL:     11   Next: 91%
Magic:  9/10       EV:  8    Int:  5    God:    Okawaru [*****.]
Gold:   165        SH:  0    Dex: 10    Spells: 10/10 levels left

rFire    + . .     SeeInvis .   v - +3 battleaxe
rCold    + . .     Gourm    .   (shield currently unavailable)
rNeg     . . .     Faith    .   K - +0 crystal plate armour
rPois    .         Spirit   .   (helmet restricted)
rElec    .         Reflect  .   T - scarf {rC+ rF+}
rCorr    +         Harm     .   (no gloves)
MR       .....                  u - +2 pair of boots
Stlth    ..........             (no amulet)
HPRegen  0.27/turn              j - ring of resist corrosion
MPRegen  0.12/turn              m - +4 ring of strength

@: heroism, studying Armour
A: retaliatory headbutt, horns 2
a: Heroism, Finesse, Renounce Religion


You were on level 12 of the Dungeon.
You worshipped Okawaru.
Okawaru was extremely pleased with you.
You were not hungry.

You visited 2 branches of the dungeon, and saw 13 of its levels.
You also visited: Bailey.

You collected 645 gold pieces.
You spent 480 gold pieces at shops.

Inventory:

Hand Weapons
 v - a +3 battleaxe (weapon)
 M - a +1 vampiric executioner's axe
 Q - the +6 fustibalus of Timunopp {velocity, rPois rC++}
   (Okawaru gifted it to you on level 10 of the Dungeon)

   Any stone fired from it inflicts extra damage.
   It greatly protects you from cold.
   It protects you from poison.
Missiles
 L - 13 javelins of returning (quivered)
 R - 122 stones
Armour
 u - a +2 pair of boots (worn)
 K - a +0 crystal plate armour (worn)
 T - a scarf of resistance (worn)
Jewellery
 j - a ring of resist corrosion (left hand)
 m - a +4 ring of strength (right hand)
Wands
 t - a wand of flame (17)
 A - a wand of polymorph (12)
 B - a wand of digging (3)
 E - a wand of scattershot (9)
 H - a wand of acid (15)
Scrolls
 c - 4 scrolls of enchant armour
 g - 7 scrolls of remove curse
 h - a scroll of enchant weapon {unknown}
 i - 3 scrolls of blinking
 l - 2 scrolls of magic mapping {unknown}
 n - 7 scrolls of teleportation
 p - a scroll of fear
 y - a scroll of fog {unknown}
 G - 2 scrolls of amnesia {unknown}
 P - a scroll of immolation {unknown}
 S - a scroll of silence {unknown}
Potions
 b - a potion of agility
 d - 2 potions of might
 e - 2 potions of lignification
 k - 3 potions of resistance
 o - 4 potions of flight {unknown}
 q - a potion of invisibility {unknown}
 r - a potion of mutation {unknown}
 s - 2 potions of heal wounds
 x - a potion of ambrosia {unknown}
 z - 4 potions of curing
 C - a potion of brilliance {unknown}
 D - a potion of magic {unknown}
 I - 3 potions of degeneration {unknown}
 O - 2 potions of haste
Books
 N - a manual of Armour
Miscellaneous
 J - a lightning rod (4/4)
Comestibles
 a - a chunk of flesh
 f - 17 rations


   Skills:
 + Level 11.8(16.8) Fighting
 * Level 15.5(20.5) Axes
 + Level 3.0(8.0) Slings
 + Level 13.0(18.0) Armour
   Level 3.6(8.6) Shields


You had 10 spell levels left.
You didn't know any spells.
Your spell library contained the following spells:

 Spells                   Type           Power        Failure   Level  Hunger
 Magic Dart               Conj           #...         100%        1    ##.....
 Blink                    Tloc           N/A          100%        2    ###....
 Call Imp                 Summ           #.......     100%        2    ###....
 Slow                     Hex            #.......     100%        2    ###....
 Conjure Flame            Conj/Fire      #.......     100%        3    ####...
 Mephitic Cloud           Conj/Pois/Air  #.......     100%        3    ####...


Dungeon Overview and Level Annotations

Branches:
Dungeon (12/15)            Temple (1/1) D:5            Lair (0/6) D:8
    Orc: D:9-12

Altars:
Cheibriados
Dithmenos
Elyvilon
Fedhas
Nemelex Xobeh
Okawaru
Ru
Sif Muna
Trog
Uskayaw
Vehumet
Wu Jian
Yredelemnul
Zin

Shops:
D:4 (   D:5 [[   D:11 [

Annotations:
D:12 Rupert


Innate Abilities, Weirdness & Mutations

You reflexively headbutt those who attack you in melee.
You have a pair of horns on your head.


Message History

Rupert hits you but does no damage.
The kobold demonologist mumbles some strange words.
Unknown command.
You feel much better.
Rupert hits you with a +2 battleaxe of freezing!
* * * LOW HITPOINT WARNING * * *
Rupert freezes you.
* * * LOW HITPOINT WARNING * * *
You see here a robe.
Rupert hits you but does no damage.
Things that are here:
a +0 short sword; a hound corpse The kobold demonologist gestures wildly while chanting.
Things that are here:
a +0 trident; an orc corpse The kobold demonologist looks encouraged for a moment.
Rupert barely misses you.
There is a stone staircase leading down here.
Rupert hits you with a +2 battleaxe of freezing!!
You die...

#.#......#
#.# #
#........##
.# #
###..........
. #.####.##.#
## #.# #.# #
# #.# #.# #
#.####.#
#...##.#
##.(H@@#
#K)####
######))#
.......[#
#####..4#
#...# #...#
#.... ##..#


You could see Rupert (berserk), a hippogriff and a kobold demonologist.

Vanquished Creatures
  2 dancing weapons (D:6)
  A two-headed ogre (D:8)
  An unseen horror (D:10)
  Pikel (D:7)
  2 ugly things
  A manticore (D:11)
  2 gargoyles (D:10)
  A polar bear (shapeshifter) (D:9)
  2 hippogriffs
  4 yaks (D:9)
  3 hungry ghosts
  Duvessa (D:7)
  The ghost of SnubMonkey the Caller, an amateur FeSu of Ru (D:8)
  14 orc warriors
  5 ice beasts
  3 sky beasts
  4 ogres
  2 slaves (D:7)
  2 phantoms
  An eye of draining (D:11)
  A necrophage (D:6)
  A crocodile (D:9)
  12 centaurs
  4 big kobolds
  3 bullfrogs
  Dowan (D:7)
  2 scorpions
  13 killer bees
  10 wights (D:11)
  2 howler monkeys
  7 electric eels (D:9)
  6 jellies
  2 crimson imps
  A bullfrog zombie (D:7)
  2 centaur zombies
  3 centaur skeletons
  4 hounds
  9 orc priests
  12 orc wizards
  3 bullfrog skeletons
  4 iguanas
  Natasha (thrice) (D:2)
  9 worker ants
  A hound skeleton (D:4)
  A worker ant zombie (D:7)
  Robin (D:2)
  14 adders
  A shadow imp (D:6)
  6 oozes
  An adder skeleton (D:5)
  2 worms
  3 dart slugs
  6 leopard geckos
  65 orcs
  2 ball pythons
  7 bats
  11 giant cockroaches
  14 goblins
  7 hobgoblins
  5 jackals
  20 kobolds
  4 quokkas
  7 frilled lizards
  2 gnoll zombies (D:6)
  A quokka skeleton (D:6)
  13 rats
361 creatures vanquished.

Notes
Turn   | Place    | Note
-------+----------+-------------------------------------------
     0 | D:1      | Maize the Minotaur Fighter began the quest for the Orb.
     0 | D:1      | Reached XP level 1. HP: 19/19 MP: 0/0
    54 | D:1      | Reached skill level 3 in Axes
    54 | D:1      | Reached XP level 2. HP: 23/27 MP: 1/1
   414 | D:1      | Reached XP level 3. HP: 31/33 MP: 2/2
   733 | D:2      | Reached skill level 4 in Axes
   788 | D:2      | Noticed Natasha
   792 | D:2      | Killed Natasha
   792 | D:2      | Reached XP level 4. HP: 33/41 MP: 3/3
   877 | D:2      | Noticed Natasha
   883 | D:2      | Killed Natasha
   891 | D:2      | Noticed Natasha
   900 | D:2      | Killed Natasha
   900 | D:2      | Reached XP level 5. HP: 25/47 MP: 4/4
   913 | D:2      | Noticed Robin
   927 | D:2      | Killed Robin
   927 | D:2      | Reached skill level 5 in Axes
  1192 | D:2      | Reached skill level 5 in Fighting
  1192 | D:2      | Reached skill level 5 in Armour
  1332 | D:3      | Found a radiant altar of Vehumet.
  1609 | D:3      | Reached XP level 6. HP: 56/56 MP: 5/5
  1893 | D:3      | Found an ornate altar of the Wu Jian Council.
  1896 | D:3      | Found a sacrificial altar of Ru.
  2289 | D:4      | Reached skill level 6 in Axes
  2901 | D:4      | Found Bic Efa's Weapon Shop.
  2967 | D:5      | Entered Level 5 of the Dungeon
  2968 | D:5      | Found Panarah's Antique Armour Emporium.
  2972 | D:5      | Reached XP level 7. HP: 61/61 MP: 6/6
  3220 | D:5      | Found Pathraano's Armour Emporium.
  3226 | D:5      | Reached skill level 7 in Axes
  3341 | D:5      | Found a staircase to the Ecumenical Temple.
  3354 | Temple   | Entered the Ecumenical Temple
  3359 | Temple   | Became a worshipper of Warmaster Okawaru
  3821 | D:5      | Found a shadowy altar of Dithmenos.
  4134 | D:6      | Noticed a +0 hand axe
  4135 | D:6      | Noticed a +0 dagger
  4136 | D:6      | Found a hide-covered altar of Uskayaw.
  4391 | D:6      | Found a basalt altar of Yredelemnul.
  4588 | D:7      | Noticed a hungry ghost
  4603 | D:7      | Killed a hungry ghost
  4603 | D:7      | Reached skill level 8 in Axes
  4603 | D:7      | Reached XP level 8. HP: 63/71 MP: 7/7
  4604 | D:7      | Noticed Dowan
  4607 | D:7      | Noticed Duvessa
  4681 | D:7      | Killed Duvessa
  4681 | D:7      | Reached * piety under Okawaru
  4683 | D:7      | Killed Dowan
  4688 | D:7      | Reached skill level 9 in Axes
  4889 | D:6      | Killed a +0 dagger
  4889 | D:6      | Reached ** piety under Okawaru
  4889 | D:6      | Reached *** piety under Okawaru
  4889 | D:6      | Reached skill level 10 in Axes
  4889 | D:6      | Reached XP level 9. HP: 76/81 MP: 8/8
  4906 | D:6      | Killed a +0 hand axe
  5259 | D:7      | Reached skill level 11 in Axes
  5533 | D:7      | Found a sacrificial altar of Ru.
  5571 | D:7      | Reached **** piety under Okawaru
  6159 | D:7      | Noticed Pikel
  6208 | D:7      | Killed Pikel
  6208 | D:7      | Reached skill level 12 in Axes
  6208 | D:7      | Reached XP level 10. HP: 62/91 MP: 9/9
  6669 | D:8      | Noticed a two-headed ogre
  6678 | D:8      | Killed a two-headed ogre
  7054 | D:8      | Found a large runed door.
  7055 | D:8      | Found a large runed door.
  7058 | D:8      | Noticed SnubMonkey's ghost (amateur FeSu)
  7109 | D:8      | Found a staircase to the Lair.
  7593 | D:8      | Killed SnubMonkey's ghost
  7593 | D:8      | Reached skill level 10 in Armour
  7745 | D:9      | Found a flagged portal.
  7755 | Bailey   | Entered a bailey
  7775 | Bailey   | Reached skill level 10 in Fighting
  7775 | Bailey   | Reached skill level 13 in Axes
  8520 | Bailey   | Reached ***** piety under Okawaru
  9668 | D:9      | Reached XP level 11. HP: 101/101 MP: 10/10
  9671 | D:9      | Reached skill level 14 in Axes
 10017 | D:9      | Noticed a brown ugly thing
 10030 | D:9      | Killed a brown ugly thing
 11483 | D:10     | Entered Level 10 of the Dungeon
 11662 | D:10     | Killed an unseen horror
 11662 | D:10     | Received a gift from Okawaru
 11665 | D:10     | Got a crystal fustibalus {god gift}
 11666 | D:10     | Identified the +6 fustibalus of Timunopp {velocity, rPois
                  | rC++} (Okawaru gifted it to you on level 10 of the Dungeon)
 12168 | D:10     | Reached skill level 1 in Slings
 12173 | D:10     | Reached skill level 15 in Axes
 12666 | D:11     | Found Burr's Armour Shoppe.
 12684 | D:11     | Bought a scarf of resistance for 480 gold pieces
 13211 | D:12     | Noticed a brown ugly thing
 13222 | D:12     | Killed a brown ugly thing
 13259 | D:12     | Received a gift from Okawaru
 13261 | D:12     | Noticed Rupert
 13278 | D:12     | Demolished by Rupert

Vault maps used:
D:1:      shiori_arrival_oz
D:2:      uniq_natasha, uniq_robin
D:3:      vehumet_crystals, nicolae_overflow_hidden_temple, first_ration,
          hex_medium, minmay_fractal_squares_diagonal_5
D:4:      serial_shops, kennysheep_mini
D:5:      lemuel_round_altar, minmay_temple_entry_wispy, serial_shops,
          nicolae_shop_stone, nicolae_shop_competitors_out_of_business
D:6:      lemuel_zombie_altar_yredelemnul, dancing_weapons_uskayaw
D:7:      nicolae_ru_great_annihilating_truth, uniq_pikel, uniq_duvessa
D:8:      ebering_ghost_disaster_area, hangedman_little_slice_of_home
D:9:      enter_bailey_6, chequers_serial_rivers_micro_a, kennysheep_boxes
D:11:     serial_shops, nicolae_shop_trees
D:12:     minmay_crescents, feat_on_display, uniq_gastronok, uniq_rupert,
          uniq_nessos
Temple:   cyrus_circular_temple
Bailey:   bailey_polearm_flooded_kennysheep, bailey

Skill      XL: |  1  2  3  4  5  6  7  8  9 10 11 |
---------------+----------------------------------+-----
Axes           | 3 4 5 6 8 10 12 13 15 | 15.5
Fighting       | 4 5 6 7 9 10 11 | 11.8
Armour         | 4 5 6 7 9 10 13 | 13.0
Slings         | 3 |  3.0
Shields        | |  3.6

Action                   |  1- 3 |  4- 6 |  7- 9 | 10-12 || total
-------------------------+-------+-------+-------+-------++-------
Melee: War axe           |    68 |   134 |   217 |   376 ||   795
       Headbutt          |    13 |    20 |    35 |   113 ||   181
       Battleaxe         |       |       |       |   148 ||   148
Invok: Heroism           |       |       |     2 |     2 ||     4
Evoke: Wand              |       |       |     1 |       ||     1
  Use: Scroll            |       |       |     7 |     1 ||     8
       Potion            |       |       |       |     3 ||     3
 Stab: Paralysed         |       |       |     1 |       ||     1
  Eat: Chunk             |       |     4 |     8 |    23 ||    35
       Ration            |       |     1 |     1 |     1 ||     3
Armor: Scale mail        |    42 |    59 |   152 |    41 ||   294
       Crystal plate arm |       |       |       |   389 ||   389
       Skin              |       |       |       |    28 ||    28
Dodge: Dodged            |    46 |    62 |   121 |   179 ||   408

Table legend:
 A = Non-vault XP
 B = Vault XP
 C = Vault XP percentage of total XP
 D = Non-vault monster count
 E = Vault monster count
 F = Vault count percentage of total count
                 A         B        C        D         E       F
            +---------+---------+-------+---------+---------+-------
      Total |   15536 |    5356 |  25.6 |     278 |      81 |  22.6
            +---------+---------+-------+---------+---------+-------
        D:1 |      45 |       3 |   6.2 |      25 |       2 |   7.4
        D:2 |     235 |      67 |  22.2 |      25 |      11 |  30.6
        D:3 |      23 |      16 |  41.0 |      13 |       8 |  38.1
        D:4 |     301 |       2 |   0.7 |      14 |       1 |   6.7
        D:5 |     236 |       0 |   0.0 |      20 |       0 |   0.0
        D:6 |     368 |    1802 |  83.0 |      11 |       4 |  26.7
        D:7 |    1880 |     897 |  32.3 |      36 |       7 |  16.3
        D:8 |    1464 |     304 |  17.2 |      11 |       9 |  45.0
        D:9 |    3745 |       0 |   0.0 |      38 |       0 |   0.0
       D:10 |    3884 |       0 |   0.0 |      47 |       0 |   0.0
       D:11 |    2035 |       0 |   0.0 |      20 |       0 |   0.0
       D:12 |    1320 |       0 |   0.0 |      18 |       0 |   0.0
     Bailey |       0 |    2265 | 100.0 |       0 |      39 | 100.0
            +---------+---------+-------+---------+---------+-------
